 Dungeon Crawl Stone Soup version 0.32-a0-779-g362cfcae2a (webtiles) character file.

Game seed: 12738294605491916111

28989 Shayle the Fighter (level 13, -6/108 HPs)
             Began as a Coglin Alchemist on Mar 18, 2024.
             Was an Initiate of Gozag.
             Mangled by a wraith (7 damage)
             ... led by Josephine
             ... on level 2 of the Lair of Beasts on Mar 19, 2024.
             The game lasted 01:39:53 (19320 turns).

Shayle the Fighter (Coglin Alchemist)              Turns: 19320, Time: 01:39:55

Health: -6/108     AC:  9    Str:  8    XL:     13   Next: 42%
Magic:  20/20      EV: 11    Int: 21    God:    Gozag
Gold:   259        SH:  0    Dex: 14    Spells: 10/22 levels left

rFire   + + .        y - +3 short sword of Udinarph {pain, rPois rF+ rC+++ Stlth-}
rCold   + + +        H - +0 scimitar (flame) {Tepiltzin}
rNeg    . . .        l - +1 robe {Will+}
rPois   +            A - +2 helmet
rElec   +            D - +0 cloak
rCorr   +            g - +1 pair of gloves
SInv    .            (no boots)
Will    +....        (amulet unavailable)
Stlth   +            (ring unavailable)
HPRegen 0.38/turn    (ring unavailable)
MPRegen 0.17/turn    (no gizmo)

%: no passive effects
@: mighty, resistant, slowed, revved, very slow
A: off-hand wielding, slow wielding, warmup strikes, no jewellery
a: Invent Gizmo, Renounce Religion, Potion Petition, Call Merchant, Bribe Branch


You were on level 2 of the Lair of Beasts.
You worshipped Gozag.
Gozag was aware of your devotion.
You visited 4 branches of the dungeon, and saw 18 of its levels.

You collected 3215 gold pieces.
You paid 2956 gold pieces to Gozag.

Inventory:

Hand Weapons
 k - a +5 scimitar {Olaf}
 v - a +0 sling
 y - the +3 short sword of Udinarph (weapon) {pain, rPois rF+ rC+++ Stlth-}
   (You found it on level 3 of the Dungeon)

   rF+:       It protects you from fire.
   rC+++:     It renders you almost immune to cold.
   rPois:     It protects you from poison.
   Stlth-:    It makes you less stealthy.
 H - a +0 scimitar of flaming (offhand) {Tepiltzin}
Missiles
 e - a throwing net (quivered)
Armour
 d - a +2 animal skin
 g - a +1 pair of gloves (worn)
 l - a +1 robe of willpower (worn)
 t - +0 acid dragon scales
 x - the +2 leather armour "Voom" {rC- Int+3}
   (You found it on level 11 of the Dungeon)

   Int+3:     It affects your intelligence (+3).
   rC-:       It makes you vulnerable to cold.
 A - a +2 helmet (worn)
 D - a +0 cloak (worn)
Wands
 m - a wand of digging (2)
 w - a wand of flame (41)
 z - a wand of charming (3)
 B - a wand of mindburst (1)
 C - a wand of polymorph (6)
Scrolls
 a - 3 scrolls of immolation
 f - a scroll of fog
 i - 2 scrolls of identify
 s - a scroll of noise
 u - a scroll of revelation
 F - 2 scrolls of teleportation
 G - 2 scrolls of enchant weapon
Potions
 b - 5 potions of curing
 c - a potion of cancellation
 o - a potion of resistance
 p - 2 potions of brilliance
 q - 2 potions of mutation
 r - 3 potions of enlightenment
 E - a potion of berserk rage
 I - a potion of might
Miscellaneous
 j - a lightning rod (1/4)


   Skills:
 + Level 12.2 Fighting
 - Level 10.4 Ranged Weapons
 - Level 1.7 Dodging
 - Level 1.5 Stealth
 + Level 5.0 Spellcasting
 - Level 0.8 Conjurations
 - Level 10.4 Necromancy
 + Level 5.0 Fire Magic
 + Level 5.0 Air Magic
 + Level 7.0 Alchemy


You had 10 spell levels left.
You knew the following spells:

 Your Spells              Type           Power      Damage    Failure   Level
a - Sting                 Conj/Alch      88%        1d8       2%          1
b - Mephitic Cloud        Conj/Alch/Air  23%        N/A       5%          3
c - Sticky Flame          Fire/Alch      30%        2d7       9%          4
d - Olgreb's Toxic Radia  Alch           35%        N/A       6%          4

Your spell library contained the following spells:

 Spells                   Type           Power      Damage    Failure   Level
 Necrotise                Necr           100%       1d9       1%          1
 Mercury Vapours          Alch/Air       60%        N/A       1%          2
 Fugue of the Fallen      Necr           49%        N/A       1%          3
 Swiftness                Air            26%        N/A       4%          3
 Apportation              Tloc           10%        N/A       11%         1
 Summon Small Mammal      Summ           20%        N/A       11%         1
 Inner Flame              Hex/Fire       15%        N/A       12%         3
 Ensorcelled Hibernation  Hex/Ice        10%        N/A       16%         2
 Ozocubu's Armour         Ice            5%         N/A       32%         3
 Passwall                 Erth           5%         N/A       32%         3
 Summon Ice Beast         Ice/Summ       5%         N/A       32%         3
 Flame Wave               Conj/Fire      17%        2d7       32%         4
 Manifold Assault         Tloc           5%         N/A       71%         4
 Summon Mana Viper        Hex/Summ       5%         N/A       96%         5
 Monstrous Menagerie      Summ           2%         N/A       100%        7


Dungeon Overview and Level Annotations

Branches:
Dungeon (12/15)            Temple (1/1) D:6            Lair (3/5) D:10
  Swamp (0/4) Lair:2        Snake (0/4) Lair:3          Orc (2/2) D:10
    Elf: Orc:2

Altars:
Ashenzari
Cheibriados
Dithmenos
Elyvilon
Fedhas
Gozag
Hepliaklqana
Kikubaaqudgha
Makhleb
Nemelex Xobeh
Okawaru
Qazlal
Ru
Sif Muna
Trog
Uskayaw
Vehumet
Wu Jian
Xom
Yredelemnul
Zin
The Shining One

Shops:
D:1 [   D:5 *   D:7 =   D:8 (   Lair:3 (

Annotations:
D:5 2 transporters, 1 runed translucent door, Crazy Yiuf; audacious124's ghost, novice MDFi
Lair:1 exclusion: oklob plant
Orc:1 2 transporters


Innate Abilities, Weirdness & Mutations

You can wield a second weapon in your off-hand.
It takes a long time for you to wield or remove held weapons.
Your first few attacks do less damage.
You cannot equip rings or amulets.


Message History

The wraith hits you but does no damage. The wraith closely misses you.
Unknown command.
You hit the wraith but do no damage.
The wraith is almost destroyed.
You closely miss the wraith with your +0 scimitar of flaming.
The wraith barely misses you. x2
Unknown command.
You barely miss the wraith with the +3 short sword of Udinarph.
The wraith is almost destroyed.
You barely miss the wraith with your +0 scimitar of flaming.
The wraith closely misses you.
Unknown command.
You hit the wraith but do no damage.
The wraith is almost destroyed.
You hit the wraith but do no damage. The wraith hits you!
* * * LOW HITPOINT WARNING * * *
The wraith drains your vigour!
You feel as though you will be slow longer.
The wraith hits you.
* * * LOW HITPOINT WARNING * * *
The wraith drains your vigour!
You feel as though you will be slow longer. [a] - 625 gold - resistance, haste and heal wounds [b] - 700 gold - haste, resistance and enlightenment [c] - 350 gold - resistance and might Purchase which effect?
You don't have enough gold for that! [a] - 625 gold - resistance, haste and heal wounds [b] - 700 gold - haste, resistance and enlightenment [c] - 350 gold - resistance and might Purchase which effect?
You no longer have enough gold to petition Gozag for potion effects.
You feel protected.
You feel very mighty all of a sudden. The wraith hits you.
* * * LOW HITPOINT WARNING * * *
The wraith drains your vigour!
You feel as though you will be slow longer.
The wraith hits you!
You die...
Your body crumbles into a pile of gold.

......................[..........
.................................
.................................
.....#.#..P.#..................##
....#.#.#.P.#......#.#..###....##
P.P..........#.....#####.##....#
###.#.......##.....##.....#P...##
.##.#............<........##...##
.#P.##....[.....@...#.....#.....#
###.##.......P.W....#.....##...##
#...#####..#P..........#.##....#
....######.#........#.#...##...#
........[......................##
.................................
####.#.#####...#.###.####.###.###
#.### #.###### ### ### ### # ###
###


You could see a wraith.

Vanquished Creatures
  Fannar (Lair:1)
  Josephine (Lair:3)
  2 hydras (Lair:2)
  3 two-headed ogres
  Erica (D:9)
  A boulder beetle (D:12)
  Nergalle (D:10)
  An orc sorcerer (Orc:2)
  A cyclops (D:12)
  A will-o-the-wisp (Lair:2)
  Maurice (D:9)
  A black mamba (Lair:2)
  3 elephants
  Joseph (D:7)
  4 cane toads
  Maggie (D:8)
  Jeremiah (Lair:1)
  A rime drake (Lair:2)
  Psyche (D:8)
  2 komodo dragons
  4 trolls
  A hornet (D:9)
  A polar bear (Lair:2)
  7 blink frogs (Lair:2)
  A blink frog (shapeshifter) (D:11)
  A slime creature (D:12)
  37 yaks
  2 wyverns (Lair:3)
  2 wraiths
  A warg (Orc:1)
  2 basilisks (Lair:2)
  7 vampire mosquitoes
  Grum (Lair:2)
  3 acid dragons
  2 water moccasins
  Duvessa (D:5)
  6 orc warriors
  3 ice beasts
  3 sky beasts
  A black bear (Lair:1)
  An ogre (D:5)
  14 wolves
  5 centaurs
  A kobold brigand (D:9)
  Blork the orc (D:5)
  10 bullfrogs
  2 gnoll sergeants
  A scorpion (D:5)
  5 wights
  Dowan (D:5)
  13 killer bees
  5 howler monkeys
  3 electric eels (Lair:1)
  2 bombardier beetles
  3 hounds
  2 jellies
  A gnoll bouda (D:4)
  9 orc priests
  5 iguanas
  12 orc wizards
  8 adders
  12 gnolls
  A shadow imp (D:7)
  2 white imps
  6 ufetubi
  4 dart slugs
  3 ribbon worms
  42 orcs
  6 ball pythons
  4 bats
  9 endoplasms
  6 giant cockroaches
  6 goblins
  7 hobgoblins
  7 kobolds
  2 quokkas
  3 frilled lizards
  7 rats
346 creatures vanquished.

Vanquished Creatures (collateral kills)
  A water moccasin (D:10)
1 creature vanquished.

Vanquished Creatures (others)
  A cane toad (Lair:2)
  A water moccasin (D:10)
  16 foxfires (Lair:2)
18 creatures vanquished.

Grand Total: 365 creatures vanquished

Notes
Turn   | Place    | Note
-------+----------+-------------------------------------------
     0 | D:1      | Shayle the Coglin Alchemist began the quest for the Orb.
     0 | D:1      | Reached XP level 1. HP: 13/13 MP: 3/3
    66 | D:1      | Found Amug's Armour Shoppe.
   127 | D:1      | Found a faded altar of an unknown god.
   286 | D:1      | Reached skill level 1 in Fighting
   286 | D:1      | Reached XP level 2. HP: 20/21 MP: 4/4
   287 | D:1      | Reached skill level 1 in Ranged Weapons
   825 | D:2      | Reached XP level 3. HP: 26/26 MP: 5/5
   990 | D:2      | Reached skill level 2 in Fighting
  1678 | D:3      | Reached XP level 4. HP: 33/33 MP: 6/6
  1912 | D:3      | Learned a level 3 spell: Mephitic Cloud
  2073 | D:3      | Identified the +3 short sword of Udinarph {pain, rPois rF+
                  | rC+++ Stlth-}
  2426 | D:4      | Reached skill level 1 in Necromancy
  2426 | D:4      | Reached XP level 5. HP: 40/40 MP: 4/7
  2480 | D:4      | Reached skill level 3 in Fighting
  2929 | D:4      | Reached XP level 6. HP: 47/47 MP: 1/8
  3156 | D:5      | Entered Level 5 of the Dungeon
  3412 | D:5      | Noticed Duvessa
  3420 | D:5      | Noticed Dowan
  3423 | D:5      | Killed Duvessa
  3424 | D:5      | Reached skill level 4 in Fighting
  3424 | D:5      | Reached XP level 7. HP: 42/54 MP: 1/9
  3436 | D:5      | Killed Dowan
  3634 | D:5      | Found an opulent altar of Gozag.
  3643 | D:5      | Found Gozag's Platinum Reserve.
  3647 | D:5      | Became a worshipper of Gozag Ym Sagoz the Greedy
  3664 | D:5      | Noticed audacious124's ghost (novice MDFi)
  3667 | D:5      | Found a transporter.
  3681 | D:5      | Noticed Blork the orc
  3690 | D:5      | Killed Blork the orc
  3696 | D:5      | Found a transporter.
  3829 | D:5      | Reached skill level 5 in Fighting
  3936 | D:5      | Reached XP level 8. HP: 62/62 MP: 3/10
  4163 | D:5      | Found a runed translucent door.
  4164 | D:5      | Noticed Crazy Yiuf
  4387 | D:6      | Found a staircase to the Ecumenical Temple.
  4610 | D:6      | Reached skill level 5 in Ranged Weapons
  4811 | D:6      | Found a shimmering blue altar of Sif Muna.
  4896 | D:6      | Reached skill level 5 in Necromancy
  5173 | D:6      | Reached skill level 6 in Fighting
  5568 | Temple   | Entered the Ecumenical Temple
  5764 | D:7      | Reached XP level 9. HP: 66/68 MP: 11/11
  5963 | D:7      | Found a white marble altar of Elyvilon.
  5965 | D:7      | Noticed Joseph
  5981 | D:7      | Killed Joseph
  5982 | D:7      | Reached skill level 7 in Fighting
  6282 | D:7      | Found Avillud's Jewellery Shop.
  6459 | D:7      | Found a burning altar of Makhleb.
  6717 | D:7      | Found a sparkling altar of Nemelex Xobeh.
  6757 | D:8      | Noticed a two-headed ogre
  6759 | D:8      | Noticed Psyche
  6870 | D:8      | Killed Psyche
  6881 | D:7      | Reached skill level 8 in Fighting
  6969 | D:8      | Killed a two-headed ogre
  6970 | D:8      | Reached XP level 10. HP: 72/82 MP: 6/12
  7190 | D:8      | Noticed Maggie
  7205 | D:8      | Killed Maggie
  7325 | D:8      | Identified the amulet "Wegiac" {Faith rN+}
  7395 | D:8      | Found a broken altar of Ashenzari.
  7418 | D:8      | Found a snail-covered altar of Cheibriados.
  7438 | D:8      | Found a radiant altar of Vehumet.
  7573 | D:8      | Found Horoaz's Antique Weapon Boutique.
  7887 | D:8      | Reached skill level 9 in Fighting
  8021 | D:8      | Found a glowing silver altar of Zin.
  8184 | D:9      | Upgraded the game from 0.32-a0-768-g0f6f1dd4b9 to
                  | 0.32-a0-779-g362cfcae2a
  8202 | D:9      | Noticed a two-headed ogre
  8209 | D:9      | Killed a two-headed ogre
  8607 | D:9      | Reached XP level 11. HP: 90/90 MP: 9/13
  8828 | D:9      | Noticed Maurice
  8839 | D:9      | Killed Maurice
  8914 | D:9      | Reached skill level 10 in Fighting
  9248 | D:9      | Noticed Erica
  9256 | D:9      | Killed Erica
  9331 | D:9      | Found an iron altar of Okawaru.
  9411 | D:10     | Entered Level 10 of the Dungeon
  9755 | D:10     | Found a staircase to the Lair.
  9781 | D:10     | Noticed Nergalle
  9798 | D:10     | Killed Nergalle
  9799 | D:10     | Reached skill level 10 in Necromancy
  9854 | D:10     | Found a staircase to the Orcish Mines.
 10007 | D:10     | Found a sacrificial altar of Ru.
 10214 | D:10     | Found a blossoming altar of Fedhas.
 10552 | D:10     | Learned a level 4 spell: Sticky Flame
 10622 | Lair:1   | Entered Level 1 of the Lair of Beasts
 10623 | Lair:1   | Noticed Jeremiah
 10686 | D:10     | Reached skill level 10 in Ranged Weapons
 10938 | D:11     | Reached skill level 11 in Fighting
 10953 | D:11     | Reached skill level 1 in Fire Magic
 10953 | D:11     | Reached skill level 1 in Air Magic
 11049 | D:11     | Identified the +2 leather armour "Voom" {rC- Int+3}
 11507 | D:11     | Reached XP level 12. HP: 70/100 MP: 15/15
 11900 | Lair:1   | Killed Jeremiah
 12010 | Lair:1   | Noticed Grum
 12427 | Lair:2   | Found a staircase to the Swamp.
 12695 | Lair:2   | Killed Grum
 12776 | Lair:1   | Noticed Fannar
 13124 | Lair:2   | Learned a level 4 spell: Olgreb's Toxic Radiance
 13235 | Lair:2   | Reached skill level 5 in Alchemy
 13337 | Orc:1    | Entered Level 1 of the Orcish Mines
 13452 | Orc:1    | Found a transporter.
 13454 | Orc:1    | Found a transporter.
 13457 | Orc:1    | Noticed a two-headed ogre
 13662 | Orc:2    | Entered Level 2 of the Orcish Mines
 14044 | Orc:2    | Noticed an ettin
 14474 | D:11     | Noticed a two-headed ogre
 14489 | D:11     | Killed a two-headed ogre
 15278 | D:12     | Noticed a boulder beetle
 15736 | D:12     | Killed a boulder beetle
 16043 | D:12     | Reached XP level 13. HP: 63/107 MP: 3/19
 17156 | Lair:1   | Killed Fannar
 17984 | Lair:2   | Reached skill level 12 in Fighting
 19210 | Lair:3   | Noticed Josephine
 19221 | Lair:3   | Killed Josephine
 19222 | Lair:3   | Reached skill level 5 in Spellcasting
 19222 | Lair:3   | Reached skill level 5 in Fire Magic
 19235 | Lair:3   | Reached skill level 5 in Air Magic
 19319 | Lair:2   | HP: 3/108 [wraith[Josephine] (11)]
 19319 | Lair:2   | HP: 1/108 [wraith[Josephine] (2)]
 19320 | Lair:2   | Mangled by a wraith

Illustrated notes

Levels and vault maps discovered:
D:1:      ncdulo_halloftheorcs, layout_loops_ring,
          shapermc_ecumenical_altar_mp_vishouse, serial_shops, shop,
          chequers_jeans
D:2:      layout_loops_ring
D:3:      layout_basic, serial_bayou_lagoon_b
D:4:      layout_loops_ring
D:5:      layout_loops_ring, nicolae_gozag_zags_fifth_avenue,
          gammafunk_ghost_arena, uniq_duvessa, uniq_blork_the_orc,
          uniq_crazy_yiuf_cottage
D:6:      layout_basic, nicolae_overflow_hidden_temple,
          minmay_temple_entry_tees, serial_co_window_serial,
          co_window_of_opportunity_a, co_window_paths_a,
          co_window_of_opportunity_a, co_window_of_opportunity_a,
          co_window_paths_b, co_window_cross_3, co_window_2corner,
          co_window_corner_b, glass_columns_c, glass_columns_b, glass_columns_a,
          glass_columns_c, glass_columns_b
D:7:      layout_cave_pools, lightli_temple_of_fire, lemuel_round_altar,
          nemelex_diamond_rough_becter, serial_shops,
          nicolae_shop_getting_attention, serial_column_ruins,
          column_ruins_open_medium, column_ruins_open_large,
          column_ruins_open_medium, column_ruins_open_medium_water,
          column_ruins_columns_straight, column_ruins_grid_1,
          column_ruins_open_tiny, uniq_joseph
D:8:      minmay_general_purpose_star, layout_gridville, zin_scriptorium,
          vehumet_altar_wand_db, cheibriados_altar_1, evilmike_ruin_ashenzari,
          serial_shops, shop, serial_bayou_ford_a, uniq_maggie, uniq_psyche
D:9:      layout_loops_ring, kennysheep_mini_moat, nrook_campfire, uniq_maurice,
          uniq_erica
D:10:     layout_rooms, marbit_many_paths, fedhas_ov_isle_minmay,
          lair_entry_dummy, orc_0_dummy, uniq_nergalle
D:11:     layout_gridville, minmay_microvault
D:12:     layout_small_grid
Temple:   nicolae_temple_ecumenical_triangle
Lair:1:   layout_cave_shapes, serial_bayou_lake_a, uniq_fannar, uniq_grum,
          uniq_jeremiah
Lair:2:   layout_regular_city, minmay_swamp_entry_wisps
Lair:3:   layout_chaotic_city, nicolae_snake_entry_squirm, portal_ice_cave_rime,
          grunt_megastairs_5, serial_bayou_shore_a, lemuel_fruit_tree,
          serial_bayou_shore_b, uniq_josephine
Orc:1:    gammafunk_beogh_shrine, layout_caves, serial_shops, shop
Orc:2:    grunt_orc_tribal_feast, layout_diamond_mine, basic_altar

Skill      XL: |  1  2  3  4  5  6  7  8  9 10 11 12 13 |
---------------+----------------------------------------+-----
Fighting       | 1 2 3 4 5 6 8 9 11 12 | 12.2
Ranged Weapons | 1 2 3 4 5 7 8 10 | 10.4
Necromancy     | 1 2 3 4 5 7 9 10 | 10.4
Spellcasting   | 2 4 5 |  5.0
Fire Magic     | 1 4 5 |  5.0
Air Magic      | 1 4 5 |  5.0
Alchemy        | 6 7 |  7.0
Dodging        | |  1.7
Stealth        | |  1.5
Conjurations   | |  0.8

Action                     |  1- 3 |  4- 6 |  7- 9 | 10-12 | 13-15 || total
---------------------------+-------+-------+-------+-------+-------++-------
  Melee: Mace              |    67 |    15 |       |       |       ||    82
         Long sword        |    58 |    90 |    37 |       |       ||   185
         Dagger            |     5 |       |       |       |       ||     5
         Short sword       |       |    73 |   153 |   344 |    92 ||   662
         Scimitar          |       |       |   121 |   338 |    90 ||   549
  Throw: Throwing net      |       |       |       |     1 |       ||     1
   Cast: Sting             |       |    18 |     8 |    27 |       ||    53
         Mephitic Cloud    |       |     8 |    18 |    63 |    15 ||   104
         Sticky Flame      |       |       |       |    17 |    15 ||    32
         Olgreb's Toxic Ra |       |       |       |     6 |       ||     6
 Invoke: Potion Petition   |       |       |       |     4 |     2 ||     6
         Call Merchant     |       |       |       |       |     1 ||     1
  Evoke: Wand              |       |       |    15 |    15 |    11 ||    41
         Lightning rod     |       |       |       |       |     4 ||     4
    Use: Potion            |       |     4 |     2 |     9 |     2 ||    17
         Scroll            |       |     5 |    11 |    10 |     3 ||    29
   Stab: Sleeping          |     4 |     1 |       |       |       ||     5
         Confused          |       |     4 |    10 |    55 |    13 ||    82
         Invisible         |       |       |       |     2 |       ||     2
         Distracted        |       |       |       |     1 |     1 ||     2
         Held in net/web   |       |       |       |     2 |       ||     2
 Armour: Robe              |    45 |    77 |   140 |   377 |   115 ||   754
  Dodge: Dodged            |    47 |    54 |   115 |   282 |    85 ||   583

Table legend: (Time is in decaauts)
 A = Elapsed time spent in this place.
 B = Non-inter-level travel time spent in this place.
 C = Inter-level travel time spent in this place.
 D = Time resting spent in this place.
 E = Time spent auto-exploring this place.
 F = Levels seen in this place.
 G = Mean time per level.
                   A        B        C        D        E       F      G
               +--------+--------+--------+--------+--------+-----+--------+
         Total |  19668 |  18684 |    984 |   6194 |   6697 |  18 | 1092.7 |
       Dungeon |  15028 |  14121 |    907 |   4294 |   5592 |  12 | 1252.3 |
        Temple |     16 |     16 |      0 |      0 |      0 |   1 |   16.0 |
          Lair |   3791 |   3715 |     76 |   1347 |   1001 |   3 | 1263.7 |
  Orcish Mines |    832 |    832 |      0 |    553 |    103 |   2 |  416.0 |
               +--------+--------+--------+--------+--------+-----+--------+

Top non-repeatable levels by time:
  Lair:2: 2390 daAuts
    D:11: 2383 daAuts
     D:9: 1672 daAuts
    D:10: 1533 daAuts
     D:6: 1378 daAuts
     D:5: 1368 daAuts
     D:8: 1325 daAuts
  Lair:1: 1228 daAuts
     D:7: 1047 daAuts
    D:12: 1038 daAuts
     D:3: 897 daAuts
     D:4: 891 daAuts
   Orc:1: 808 daAuts
     D:1: 780 daAuts
     D:2: 710 daAuts
